 Dungeon Crawl Stone Soup version 0.26.1-11-gd32895ea62 (webtiles) character file.

Game seed: 18119965111320740969

3703 phalm the Destroyer (level 9, -15/47 HPs)
             Began as a Deep Elf Conjurer on May 5, 2021.
             Was a Follower of Vehumet.
             Demolished by Gastronok (29 damage)
             ... on level 8 of the Dungeon.
             The game lasted 00:22:02 (11405 turns).

phalm the Destroyer (Deep Elf Conjurer)            Turns: 11405, Time: 00:22:03

Health: -15/47     AC: 15    Str:  4    XL:     9   Next: 91%
Magic:  8/19       EV: 11    Int: 27    God:    Vehumet [*.....]
Gold:   412        SH:  0    Dex: 13    Spells: 8/19 levels left

rFire    . . .     SeeInvis .   D - +3 whip (venom)
rCold    . . .     Faith    .   (no shield)
rNeg     . . .     Spirit   .   B - +6 acid dragon scales
rPois    +         Reflect  .   A - +0 helmet
rElec    .         Harm     .   (no cloak)
rCorr    +         Rampage  .   z - +0 pair of gloves
Will     .....                  l - +0 pair of boots
Stlth    +++.......             (no amulet)
HPRegen  0.15/turn              Q - ring of stealth
MPRegen  0.16/turn              P - ring of poison resistance

@: slowed, very slow
A: no striking features
a: Renounce Religion


You were on level 8 of the Dungeon.
You worshipped Vehumet.
Vehumet was aware of your devotion.
You visited 2 branches of the dungeon, and saw 9 of its levels.

You collected 412 gold pieces.


   Skills:
 + Level 1.5 Fighting
 + Level 2.1 Staves
 * Level 2.0 Armour
 + Level 3.6 Dodging
 - Level 2.4 Stealth
 + Level 0.4 Shields
 + Level 5.7 Spellcasting
 * Level 10.4 Conjurations
 * Level 8.2 Hexes
 * Level 7.4 Translocations
 + Level 0.1 Evocations


You had 8 spell levels left.
You knew the following spells:

 Your Spells              Type           Power        Failure   Level
f - Fulminant Prism       Conj/Hex       27%          3%          4
m - Magic Dart            Conj           100%         1%          1
s - Searing Ray           Conj           100%         1%          2
X - Iskenderun's Mystic   Conj/Tloc      54%          4%          4

Your spell library contained the following spells:

 Spells                   Type           Power        Failure   Level
 Sandblast                Erth           14%          16%         1
 Dazzling Flash           Conj/Hex       100%         1%          3

Inventory:

Hand Weapons
 g - a +2 short sword of holy wrath
   (You took it off a kobold on level 2 of the Dungeon)
 n - a +1 vampiric dagger
   (You found it on level 1 of the Dungeon)
 x - a +0 quarterstaff
   (You found it on level 4 of the Dungeon)
 D - a +3 whip of venom (weapon)
   (You found it on level 8 of the Dungeon)
Missiles
 i - 78 poisoned darts
 r - a stone
Armour
 a - a +0 robe
 j - a +0 buckler
   (You found it on level 7 of the Dungeon)
 l - a +0 pair of boots (worn)
   (You found it on level 1 of the Dungeon)
 z - a +0 pair of gloves (worn)
   (You found it on level 6 of the Dungeon)
 A - a +0 helmet (worn)
   (You found it on level 6 of the Dungeon)
 B - +6 acid dragon scales (worn)
   (You took it off Maggie on level 6 of the Dungeon)
Jewellery
 P - a ring of poison resistance (right hand)
   (You took it off an orc warrior on level 7 of the Dungeon)
 Q - a ring of stealth (left hand)
   (You found it on level 7 of the Dungeon)
Wands
 v - a wand of flame (5)
   (You found it on level 3 of the Dungeon)
 y - a wand of disintegration (14)
   (You took it off a centaur on level 8 of the Dungeon)
 C - a wand of enslavement (7)
   (You found it on level 8 of the Dungeon)
Scrolls
 b - 5 scrolls of teleportation {@r4}
 d - 2 scrolls of remove curse {@r2}
 e - 2 scrolls of fog
 k - 4 scrolls of enchant weapon
 o - 5 scrolls of blinking {!r}
 s - a scroll of immolation {!r!r}
 u - 5 scrolls of amnesia
 E - a scroll of enchant armour
Potions
 c - 3 potions of lignification {!q}
 f - 2 potions of degeneration {unknown}
 h - a potion of might {unknown}
 m - a potion of resistance {unknown}
 p - 6 potions of curing {@q1}
 q - 4 potions of flight
 t - 2 potions of haste {unknown}
 w - a potion of attraction {unknown}

Dungeon Overview and Level Annotations

Branches:
Dungeon (8/15)             Temple (1/1) D:6
   Lair: D:8-11

Altars:
Ashenzari
Cheibriados
Dithmenos
Elyvilon
Fedhas
Gozag
Hepliaklqana
Kikubaaqudgha
Makhleb
Nemelex Xobeh
Okawaru
Qazlal
Ru
Sif Muna
Trog
Uskayaw
Vehumet
Wu Jian
Xom
Yredelemnul
Zin
The Shining One

Annotations:
D:8 Gastronok

##.#####.#
##########......#.#
................#.#
##########......#.#
........##.#....#.#
.########.###...#.#
.# #.. ##..#.# .#
..#. ##.#w# .#
####. #..@.# ## ..
#..### # #.## # ...
# #### # .... # ###
# ..


You could see Gastronok.


Message History

D - a glowing whip Your +2 short sword of holy wrath stops glowing.
Your +3 whip of venom begins to drip with poison!
D - a +3 whip of venom (weapon)
You now have 388 gold pieces (gained 16).
A wyvern skeleton comes into view.
The magic dart hits the wyvern skeleton. 😎 MP[-1]
You lost 1 mp, and now have 18/19 mp.
The magic dart hits the wyvern skeleton! 😎 MP[-1]
You lost 1 mp, and now have 17/19 mp.
The magic dart hits the wyvern skeleton. 😎 MP[-1]
You lost 1 mp, and now have 16/19 mp.
The magic dart hits the wyvern skeleton. 😎 MP[-1]
You lost 1 mp, and now have 15/19 mp.
The magic dart hits the wyvern skeleton!
The wyvern skeleton bites you. 😕 HP[-5] MP[-1]
You take 5 damage, and now have 42/47 hp.
You lost 1 mp, and now have 14/19 mp.
You barely miss the wyvern skeleton.
The wyvern skeleton barely misses you. 😕 MP[+1]
You hit the wyvern skeleton.
You destroy the wyvern skeleton!
Vehumet accepts your kill. 😕 HP[+1] No target in view!
You now have 396 gold pieces (gained 8).
E - a scroll of enchant armour 😎 HP[+4] MP[+4]
Your hp is fully restored (47).
Your mp is fully restored (19).
You now have 412 gold pieces (gained 16).
You see here an amulet of inaccuracy.
Gastronok the Ponderous comes into view.
He is wearing a +1 hat of willpower.
Casting: Magic Dart (safe; 1% risk of failure)
Confirm with . or Enter, or press ? or * to list all spells.
Aiming: Searing Ray (safe; 1% risk of failure)
Press: ? - help, Shift-Dir - straight line, f - Gastronok
Aim: Gastronok, wearing a +1 hat of willpower (asleep, 0% to evade)
The searing ray hits Gastronok! (Press . to maintain the ray.) 😎 MP[-2]
You lost 2 mp, and now have 17/19 mp.
The searing ray hits Gastronok!
Gastronok looks at you while chanting.
You feel yourself slow down. 😎 MP[-1]
You lost 1 mp, and now have 16/19 mp.
The searing ray hits Gastronok!
Gastronok mumbles some strange words. 😎 MP[-1]
You lost 1 mp, and now have 15/19 mp.
The searing ray hits the quokka!
You kill the quokka!
The quokka's corpse disappears in a puff of smoke!
The searing ray hits Gastronok.
You finish channeling your searing ray. 😎 MP[-1]
You lost 1 mp, and now have 14/19 mp.
Casting: Searing Ray (safe; 1% risk of failure)
Confirm with . or Enter, or press ? or * to list all spells.
Aiming: Searing Ray (safe; 1% risk of failure)
Press: ? - help, Shift-Dir - straight line, p - Gastronok The searing ray hits Gastronok!
The searing ray hits the river rat! (Press . to maintain the ray.) 😎 MP[-1]
You lost 1 mp, and now have 13/19 mp.
The searing ray hits Gastronok.
The searing ray hits the river rat!
You kill the river rat!
The river rat's corpse disappears in a puff of smoke!
Gastronok gurgles, "I'll eat you, I will!"
Gastronok bites you!! 😮 HP[-18] MP[-1]
You take 18 damage, and now have 29/47 hp.
MASSIVE DAMAGE!! (PAUSE)
You lost 1 mp, and now have 12/19 mp.
The searing ray hits Gastronok!
Gastronok bites you but does no damage. 😮 MP[-1]
You lost 1 mp, and now have 11/19 mp.
The searing ray hits Gastronok!
You finish channeling your searing ray. 😮 MP[-1]
You lost 1 mp, and now have 10/19 mp.
Casting: Searing Ray (safe; 1% risk of failure)
Confirm with . or Enter, or press ? or * to list all spells.
Aiming: Searing Ray (safe; 1% risk of failure)
Press: ? - help, Shift-Dir - straight line The searing ray hits Gastronok! (Press . to maintain the ray.) Gastronok waves his eye-stalks in wide circles.
The air twists around and strikes you!
* * * LOW HITPOINT WARNING * * *
😨 HP[-16] MP[-1]
You take 16 damage, and now have 13/47 hp.
MASSIVE DAMAGE!! (PAUSE)
You lost 1 mp, and now have 9/19 mp.
The searing ray hits Gastronok!
Gastronok bites you!!
Ouch! That really hurt!
You die...

Skill      XL: |  1  2  3  4  5  6  7  8  9 |
---------------+----------------------------+-----
Conjurations   | 5 6 7 8 9 10 | 10.4
Translocations | 2 3 5 6 7 |  7.4
Hexes          | 2 4 6 8 |  8.2
Spellcasting   | 4 5 |  5.7
Staves         | 2 |  2.1
Dodging        | 3 |  3.6
Armour         | 2 |  2.0
Fighting       | 1 |  1.5
Stealth        | |  2.4
Shields        | |  0.4
Evocations     | |  0.1

Action                   |  1- 3 |  4- 6 |  7- 9 || total
-------------------------+-------+-------+-------++-------
Melee: Dagger            |    16 |       |       ||    16
       Short sword       |       |     7 |    10 ||    17
       Whip              |       |       |     2 ||     2
Throw: Stone             |     2 |     1 |       ||     3
       Dart              |       |     2 |     7 ||     9
 Cast: Magic Dart        |    52 |   101 |   181 ||   334
       Searing Ray       |     1 |    15 |    47 ||    63
       Iskenderun's Myst |       |       |     7 ||     7
       Fulminant Prism   |       |       |     6 ||     6
  Use: Scroll            |       |     7 |    12 ||    19
Armor: Robe              |    10 |     3 |     9 ||    22
       Acid dragon scale |       |       |     5 ||     5
Dodge: Dodged            |    19 |     6 |    34 ||    59

Levels and vault maps discovered:
D:1:      eino_arrival_water_star, layout_basic, minmay_tetromino_t4
D:2:      layout_basic, nicolae_tso_carved_into_rock, makhleb_altar_promises_db,
          lemuel_round_altar, lightli_temple_of_fire
D:3:      layout_basic, lemuel_round_altar, lemuel_crystal_altar,
          kennysheep_generic_room_15
D:4:      layout_loops_ring, lemuel_crystal_altar, okawaru_ov_weapons_minmay,
          uniq_blork_the_orc, uniq_eustachio
D:5:      layout_basic, fedhas_altar_2, cheibriados_altar_1, uniq_prince_ribbit1
D:6:      layout_gridville, dancing_weapons_uskayaw,
          minmay_temple_entry_large_hall, serial_rivers,
          chequers_serial_rivers_room_a, chequers_serial_rivers_large_b,
          chequers_serial_rivers_micro_b, chequers_serial_rivers_micro_a,
          chequers_serial_rivers_room_a, chequers_serial_rivers_micro_b,
          glass_columns_b, uniq_menkaure, uniq_maggie
D:7:      layout_loops_ring, vehumet_crystals, general_overflow_altar
D:8:      layout_loops_cross, kennysheep_mini, serial_co_window_serial,
          co_window_paths_a, co_window_paths_a, co_window_cross_1,
          co_window_corner_a, co_window_of_opportunity_a, co_window_corner_a,
          co_window_paths_a, co_window_of_opportunity_a, co_window_paths_a,
          co_window_paths_c, co_window_broadway_b, co_window_of_opportunity_b,
          co_window_corner_cb, co_window_unsneaky_path_a, co_window_paths_e,
          glass_columns_b, glass_columns_a, glass_columns_a, glass_columns_b,
          fungi_pond_lemuel, uniq_gastronok, uniq_joseph
Temple:   compressed_dpeg_triangle_lava_temple

Notes
Turn   | Place    | Note
-------+----------+-------------------------------------------
     0 | D:1      | phalm the Deep Elf Conjurer began the quest for the Orb.
     0 | D:1      | Reached XP level 1. HP: 10/10 MP: 6/6
     0 | D:1      | magus.rc [v1.9.10]
   171 | D:1      | Reached XP level 2. HP: 15/15 MP: 6/8
   174 | D:1      | Learned a level 2 spell: Searing Ray
   262 | D:1      | Reached skill level 5 in Conjurations
   297 | D:1      | magus.rc [v1.9.10]
  1238 | D:2      | Reached XP level 3. HP: 19/19 MP: 5/9
  1472 | D:2      | Found a glowing golden altar of the Shining One.
  1773 | D:2      | Found a burning altar of Makhleb.
  1773 | D:2      | Noticed a blizzard demon
  1776 | D:2      | Noticed an orange demon
  1776 | D:2      | Noticed a neqoxec
  1877 | D:2      | Reached skill level 6 in Conjurations
  1877 | D:2      | Reached XP level 4. HP: 21/24 MP: 4/10
  2042 | D:2      | Found a stormy altar of Qazlal.
  2424 | D:2      | Reached skill level 7 in Conjurations
  2464 | D:2      | Found a bloodstained altar of Trog.
  2524 | D:3      | Found an iron altar of Okawaru.
  2536 | D:3      | Reached XP level 5. HP: 28/28 MP: 6/11
  2556 | D:3      | Learned a level 4 spell: Iskenderun's Mystic Blast
  2800 | D:3      | Found a basalt altar of Yredelemnul.
  3032 | D:3      | Reached skill level 1 in Translocations
  3639 | D:3      | Reached skill level 2 in Translocations
  3892 | D:4      | Noticed Blork the orc
  3898 | D:4      | Killed Blork the orc
  3899 | D:4      | Reached XP level 6. HP: 27/32 MP: 4/12
  3904 | D:4      | Learned a level 4 spell: Fulminant Prism
  4069 | D:4      | Found an iron altar of Okawaru.
  4235 | D:4      | Noticed Eustachio
  4249 | D:4      | Killed Eustachio
  4250 | D:4      | Reached skill level 8 in Conjurations
  4250 | D:4      | Reached skill level 2 in Hexes
  4250 | D:4      | Reached skill level 3 in Translocations
  4479 | D:4      | Found a sparkling altar of Nemelex Xobeh.
  4483 | D:4      | Reached XP level 7. HP: 36/36 MP: 8/13
  4966 | D:5      | Entered Level 5 of the Dungeon
  4970 | D:5      | Reached skill level 3 in Hexes
  5087 | D:5      | Reached skill level 4 in Translocations
  5393 | D:5      | Found a blossoming altar of Fedhas.
  5416 | D:5      | Reached skill level 4 in Hexes
  5583 | D:5      | Noticed Prince Ribbit
  5641 | D:5      | Killed Prince Ribbit
  5642 | D:5      | Reached skill level 9 in Conjurations
  5642 | D:5      | Reached skill level 5 in Translocations
  5642 | D:5      | Reached XP level 8. HP: 20/41 MP: 8/15
  5917 | D:5      | Found a snail-covered altar of Cheibriados.
  5932 | D:5      | Reached skill level 5 in Hexes
  6624 | D:6      | Reached skill level 4 in Spellcasting
  6740 | D:5      | Reached skill level 6 in Hexes
  7000 | D:6      | Noticed Maggie
  7203 | D:6      | Reached skill level 6 in Translocations
  7253 | D:6      | Found a staircase to the Ecumenical Temple.
  7262 | D:6      | Killed Maggie
  7479 | Temple   | Entered the Ecumenical Temple
  7767 | D:6      | Reached XP level 9. HP: 45/45 MP: 13/18
  7946 | D:6      | Reached skill level 5 in Spellcasting
  7946 | D:6      | Reached skill level 7 in Hexes
  8162 | D:6      | Noticed Menkaure
  8165 | D:6      | Killed Menkaure
  8379 | D:6      | Reached skill level 1 in Staves
  8379 | D:6      | Reached skill level 10 in Conjurations
  8798 | D:6      | Reached skill level 3 in Dodging
  8817 | D:6      | Noticed a +0 dagger
  8818 | D:6      | Found a hide-covered altar of Uskayaw.
  8818 | D:6      | Noticed a +0 hand axe
  9183 | D:7      | Reached skill level 1 in Armour
  9327 | D:7      | Reached skill level 1 in Fighting
  9327 | D:7      | Reached skill level 7 in Translocations
  9351 | D:7      | Found a radiant altar of Vehumet.
  9356 | D:7      | Became a worshipper of Vehumet
  9405 | D:7      | Found a shimmering altar of Xom.
 10375 | D:8      | HP: 11/47 [electric eel/bolt of electricity (11)]
 10619 | D:8      | Reached skill level 8 in Hexes
 10724 | D:8      | Reached skill level 2 in Staves
 10840 | D:8      | Found an ornate altar of the Wu Jian Council.
 10989 | D:8      | Reached skill level 2 in Armour
 11133 | D:8      | Reached * piety under Vehumet
 11133 | D:8      | Offered knowledge of Sandblast by Vehumet.
 11395 | D:8      | Noticed Gastronok
 11405 | D:8      | Demolished by Gastronok

Vanquished Creatures
  Maggie (D:6)
  Prince Ribbit (D:5)
  Eustachio (D:4)
  Menkaure (D:6)
  A water moccasin (D:6)
  3 orc warriors
  4 phantoms
  6 centaurs
  3 ogres
  Blork the orc (D:4)
  3 bullfrogs
  A wyvern skeleton (D:8)
  2 scorpions
  4 howler monkeys
  An electric eel (D:8)
  2 hounds
  2 bullfrog zombies
  4 jellies
  4 orc priests
  2 orc wizards
  A bullfrog skeleton (D:5)
  An iguana (D:4)
  7 worker ants
  A hound zombie (D:6)
  4 gnolls (D:4)
  8 adders
  A howler monkey skeleton (D:7)
  A shadow imp (D:5)
  A white imp (D:6)
  2 ufetubi
  2 oozes
  An adder zombie (D:7)
  3 worms (D:3)
  2 dart slugs
  3 leopard geckos
  23 orcs
  5 giant cockroaches
  9 goblins
  5 hobgoblins
  A jackal (D:3)
  7 kobolds
  5 quokkas
  2 ball pythons
  9 bats
  4 frilled lizards
  A jackal skeleton (D:2)
  3 quokka skeletons
  5 rats
164 creatures vanquished.

Vanquished Creatures (others)
  6 fulminant prisms (D:6)
  3 fungi (D:8)
9 creatures vanquished.

Grand Total: 173 creatures vanquished

Table legend:
 A = Non-vault XP
 B = Vault XP
 C = Vault XP percentage of total XP
 D = Non-vault monster count
 E = Vault monster count
 F = Vault count percentage of total count
                 A         B        C        D         E       F
            +---------+---------+-------+---------+---------+-------
      Total |    4180 |    1111 |  21.0 |     153 |      11 |   6.7
            +---------+---------+-------+---------+---------+-------
        D:1 |      21 |       9 |  30.0 |      13 |       4 |  23.5
        D:2 |     165 |       0 |   0.0 |      30 |       0 |   0.0
        D:3 |     179 |       3 |   1.6 |      30 |       2 |   6.2
        D:4 |     199 |     293 |  59.6 |      10 |       2 |  16.7
        D:5 |     864 |     264 |  23.4 |      19 |       1 |   5.0
        D:6 |    1164 |     542 |  31.8 |      25 |       2 |   7.4
        D:7 |     931 |       0 |   0.0 |      16 |       0 |   0.0
        D:8 |     657 |       0 |   0.0 |      10 |       0 |   0.0
            +---------+---------+-------+---------+---------+-------

Illustrated notes

Table legend:
 A = Kills in this place as a percentage of kills in entire the game.
 B = Kills by you in this place as a percentage of kills by you in the entire game.
 C = Kills by friends in this place as a percentage of kills by friends in the entire game.
 D = Other kills in this place as a percentage of other kills in the entire game.
 E = Experience gained in this place as a percentage of experience gained in the entire game.
 F = Experience gained in this place divided by the number of levels of this place that you have seen.
                   A       B       C       D       E      F
               +-------+-------+-------+-------+-------+----------------------
         Total | 100.0 | 100.0 |   N/A |   N/A | 100.0 | 587.9
       Dungeon | 100.0 | 100.0 |   N/A |   N/A | 100.0 | 661.4
               +-------+-------+-------+-------+-------+----------------------

Table legend: (Time is in decaauts)
 A = Elapsed time spent in this place.
 B = Non-inter-level travel time spent in this place.
 C = Inter-level travel time spent in this place.
 D = Time resting spent in this place.
 E = Time spent auto-exploring this place.
 F = Levels seen in this place.
 G = Mean time per level.
                   A        B        C        D        E       F      G
               +--------+--------+--------+--------+--------+-----+--------+
         Total |  11438 |  11202 |    236 |     83 |  10043 |   9 | 1270.9 |
       Dungeon |  11180 |  10957 |    223 |     83 |   9798 |   8 | 1397.5 |
        Temple |    258 |    245 |     13 |      0 |    245 |   1 |  258.0 |
               +--------+--------+--------+--------+--------+-----+--------+

Top non-repeatable levels by time:
     D:5: 2052 daAuts
     D:6: 1860 daAuts
     D:3: 1361 daAuts
     D:2: 1297 daAuts
     D:7: 1262 daAuts
     D:1: 1200 daAuts
     D:4: 1106 daAuts
     D:8: 1040 daAuts
  Temple: 258 daAuts
